 Dungeon Crawl Stone Soup version 0.31.0-9-g3a7656b989 (webtiles) character file.

Game seed: 72213401333112734

189 qw the Ducker (level 5, -1/26 HPs)
             Began as a Spriggan Hunter on Feb 2, 2024.
             Slain by an orc wizard
             ... wielding a +0 dagger
              (2 damage)
             ... on level 3 of the Dungeon.
             The game lasted 00:00:06 (1848 turns).

qw the Ducker (Spriggan Hunter)                     Turns: 1848, Time: 00:00:07

Health: -1/26      AC:  2    Str:  7    XL:     5   Next: 40%
Magic:  6/6        EV: 21    Int: 10    God:
Gold:   120        SH:  0    Dex: 21    Spells: 4/4 levels left

rFire   . . .        a - +0 shortbow
rCold   . . .        (shield currently unavailable)
rNeg    . . .        c - +0 robe
rPois   .            (helmet restricted)
rElec   .            (no cloak)
rCorr   .            (gloves unavailable)
SInv    +            (boots unavailable)
Will    .....        (no amulet)
Stlth   ++           (no ring)
HPRegen 0.24/turn    (no ring)
MPRegen 0.10/turn

%: no passive effects
@: about to teleport, very quick
A: very small, no large weapons, unfitting armour, see invisible, speed 3
a: no special abilities


You were on level 3 of the Dungeon.
You visited 1 branch of the dungeon, and saw 3 of its levels.

You collected 120 gold pieces.


Innate Abilities, Weirdness & Mutations

You are very small and have problems with some larger weapons.
You are too small for most types of armour.
You have supernaturally acute eyesight. (SInv)
You cover ground extremely quickly. (Speed+++)


   Skills:
 - Level 2.1 Fighting
 + Level 5.3 Ranged Weapons
 - Level 5.4 Dodging
 - Level 1.5 Stealth


You had 4 spell levels left.
You didn't know any spells.
Your spell library was empty.

Inventory:

Hand Weapons
 a - a +0 shortbow (weapon)
Armour
 c - a +0 robe (worn)
Scrolls
 b - 2 scrolls of identify {unknown}
Potions
 d - a potion of haste {unknown}
 f - 3 potions of curing {unknown}
 g - a potion of berserk rage {unknown}

Dungeon Overview and Level Annotations

Branches:
Dungeon (3/15)

Altars:
Ashenzari


Message History

You shoot an arrow.
The arrow hits the rat but does no damage.
You shoot an arrow.
The arrow hits the rat but does no damage.
The ball python completely misses you. The ball python barely misses you.
The rat barely misses you. The ball python barely misses you.
The ball python closely misses you.
You shoot an arrow. The arrow closely misses the rat.
The rat bites you.
The orc wizard gestures wildly while chanting.
The orc wizard flickers and vanishes for a moment.
The ball python bites you. The ball python misses you.
You shoot an arrow. The arrow closely misses the rat.
The rat completely misses you.
The ball python bites you but does no damage.
The ball python barely misses you.
You shoot an arrow. The arrow hits the rat.
You kill the rat!
The ball python misses you. The ball python barely misses you.
The ball python misses you. x2
You shoot an arrow.
The arrow closely misses the orc wizard.
The orc wizard casts a spell at you. The magic dart hits you.
The ball python completely misses you. The ball python misses you.
You shoot an arrow. The arrow barely misses the orc wizard.
You hear a shout!
The orc wizard completely misses you. The orc wizard casts a spell at you.
The puff of flame hits you! The ball python completely misses you.
The ball python closely misses you.
An orc comes into view. It is wielding a +0 club.
The orc wizard gestures at you while chanting.
The magic dart hits you.
1848 ||| READING scroll of teleportation.
As you read the scroll of teleportation, it crumbles to dust.
You feel strangely unstable.
The ball python completely misses you. x2
The orc wizard hits you with a +0 dagger. x2
You die... oo.

#. #.) #)### #.# #.#
#.....#.#####.#
............... #.#
.#........ #. #.#
#.#...... ## #.#####.#
#.#.####. ..# #.#.ooo.#
#.#.##### #.##..S@####
#<.......
##.#.....#####.###.#.###
.......>...........#.#
##.#.<...#####.##### #
#. #....## . #...##
#.### # #.# #.####.###.#


You could see 2 orc wizards, an orc and a ball python.

Vanquished Creatures
  A hound (D:3)
  Natasha (thrice) (D:3)
  3 adders
  2 orcs (D:3)
  6 endoplasms
  2 giant cockroaches (D:2)
  4 goblins
  5 hobgoblins
  6 jackals
  4 kobolds
  3 quokkas
  3 ball pythons
  3 bats
  2 frilled lizards (D:1)
  5 rats
52 creatures vanquished.

Notes
Turn   | Place    | Note
-------+----------+-------------------------------------------
     0 | D:1      | qw the Spriggan Hunter began the quest for the Orb.
     0 | D:1      | Reached XP level 1. HP: 10/10 MP: 2/2
     0 | D:1      | 0 ||| qw: Version: 0.3-a-155-g5e7d8dd
     0 | D:1      | 0 ||| qw: Game counter: 1296
     0 | D:1      | 0 ||| qw: Melee chars always use a shield: true
     0 | D:1      | 0 ||| qw: God list: Okawaru
     0 | D:1      | 0 ||| qw: Allow faded altars: false
     0 | D:1      | 0 ||| qw: Do Orc after clearing Dungeon:15 true
     0 | D:1      | 0 ||| qw: Do second Lair branch before Depths: true
     0 | D:1      | 0 ||| qw: Lair rune preference: random
     0 | D:1      | 0 ||| qw: Goals: Normal
     0 | D:1      | 0 ||| PLANNING D:1-11
   112 | D:1      | Reached skill level 3 in Dodging
   229 | D:1      | Reached XP level 2. HP: 14/14 MP: 3/3
   500 | D:1      | 500 ||| READING scroll labelled MACOISTAUGOW.
   501 | D:1      | 501 ||| READING 2 scrolls labelled ASUSCH YPTEOPHA.
   504 | D:1      | 504 ||| DROPPING scroll of butterflies.
   632 | D:2      | Found a broken altar of Ashenzari.
   740 | D:2      | HP: 2/14 [poisoned by an adder]
   741 | D:2      | 741 ||| READING scroll of teleportation.
   759 | D:2      | Reached XP level 3. HP: 7/18 MP: 4/4
  1354 | D:2      | 1354 ||| READING scroll labelled YFOUCI DUMEG.
  1387 | D:3      | 1387 ||| FLEEEEING.
  1409 | D:3      | Noticed Natasha
  1423 | D:3      | Killed Natasha
  1424 | D:3      | Reached XP level 4. HP: 12/22 MP: 5/5
  1614 | D:3      | Noticed Natasha
  1619 | D:3      | Killed Natasha
  1620 | D:3      | Reached XP level 5. HP: 22/25 MP: 6/6
  1624 | D:3      | Noticed Natasha
  1628 | D:3      | Killed Natasha
  1833 | D:3      | 1833 ||| FLEEEEING.
  1834 | D:3      | 1834 ||| FLEEEEING.
  1839 | D:3      | 1839 ||| FLEEEEING.
  1847 | D:3      | HP: 4/26 [orc wizard/magic dart (6)]
  1848 | D:3      | 1848 ||| READING scroll of teleportation.
  1848 | D:3      | HP: 1/26 [orc wizard/+0 dagger (3)]
  1848 | D:3      | Slain by an orc wizard

Levels and vault maps discovered:
D:1:      roderic_dead_forest, layout_rooms, kennysheep_crisscross
D:2:      layout_basic, basic_altar, serial_bayou, serial_bayou_crossing,
          serial_bayou_shore_a, serial_bayou_lake_a, serial_bayou_ford_a,
          serial_bayou_lagoon_a, nicolae_figureground_pulse
D:3:      layout_loops_ring, kennysheep_generic_room_8, uniq_natasha

Skill      XL: |  1  2  3  4  5 |
---------------+----------------+-----
Dodging        | 3 4 5 |  5.4
Ranged Weapons | 5 |  5.3
Fighting       | 2 |  2.1
Stealth        | |  1.5

Action                     |  1- 3 |  4- 6 || total
---------------------------+-------+-------++-------
   Fire: Shortbow          |    88 |    59 ||   147
    Use: Scroll            |     4 |     1 ||     5
 Armour: Robe              |    12 |    14 ||    26
  Dodge: Dodged            |    31 |    48 ||    79

Table legend:
 A = Non-vault XP
 B = Vault XP
 C = Vault XP percentage of total XP
 D = Non-vault monster count
 E = Vault monster count
 F = Vault count percentage of total count
                 A         B        C        D         E       F
            +---------+---------+-------+---------+---------+-------
      Total |     232 |      38 |  14.1 |      50 |       2 |   3.8
            +---------+---------+-------+---------+---------+-------
        D:1 |      16 |       0 |   0.0 |      10 |       0 |   0.0
        D:2 |      42 |       0 |   0.0 |      17 |       0 |   0.0
        D:3 |     174 |      38 |  17.9 |      23 |       2 |   8.0
            +---------+---------+-------+---------+---------+-------
